 Dungeon Crawl Stone Soup version 0.27-a0-1281-ge233d83751 (webtiles) character file.

Game seed: 16105342145567924603

13895 Grim the Destroyer (level 11, -1/80 HPs)
             Began as a Demigod Conjurer on June 13, 2021.
             Collided with a translucent stone wall (16 damage)
             ... caused by a wretched star
             ... in a Gauntlet on June 14, 2021.
             The game lasted 00:51:01 (20532 turns).

Grim the Destroyer (Demigod Conjurer)              Turns: 20532, Time: 00:51:01

Health: -1/80      AC:  7    Str: 12    XL:     11   Next: 52%
Magic:  10/21      EV: 12    Int: 24    God:
Gold:   668        SH:  5    Dex: 16    Spells: 4/18 levels left

rFire    . . .     SeeInvis +   a - +2 quarterstaff (chaos)
rCold    + . .     Faith    .   (shield currently unavailable)
rNeg     . . .     Spirit   .   j - +2 robe {rC+}
rPois    .         Reflect  +   A - +0 hat
rElec    .         Harm     .   B - +0 cloak
rCorr    .         Rampage  .   D - +0 pair of gloves
Will     +....     NoTele   +   p - +0 pair of boots
Stlth    ++........             K - amulet of reflection
HPRegen  0.23/turn              J - ring of wizardry
MPRegen  0.17/turn              h - ring of see invisible

@: no status effects
A: high mp 1, forlorn
a: no special abilities


You were in a Gauntlet.
You visited 2 branches of the dungeon, and saw 11 of its levels.
You also visited: Ossuary and Gauntlet.

You collected 668 gold pieces.

Inventory:

Hand Weapons
 a - a +2 quarterstaff of chaos (weapon)
 n - a +0 hand crossbow
Missiles
 e - 17 poisoned darts (quivered)
 i - 10 curare-tipped darts
 o - 25 boomerangs
 M - 2 throwing nets
Armour
 j - a +2 robe of cold resistance (worn)
 p - a +0 pair of boots (worn)
 A - a +0 hat (worn)
 B - a +0 cloak (worn)
 D - a +0 pair of gloves (worn)
Jewellery
 b - a +6 ring of intelligence
 h - a ring of see invisible (right hand)
 J - a ring of wizardry (left hand)
 K - an amulet of reflection (around neck)
 Q - a ring of magical power
Wands
 l - a wand of flame (42)
 F - a wand of polymorph (12)
 N - a wand of charming (16)
Scrolls
 c - a scroll of blinking
 k - a scroll of acquirement {unknown}
 m - 5 scrolls of teleportation
 q - a scroll of torment {unknown}
 s - a scroll of enchant armour {unknown}
 u - 2 scrolls of immolation {unknown}
 y - a scroll of brand weapon {unknown}
 C - a scroll of fog {unknown}
 G - 2 scrolls of fear {unknown}
 H - 2 scrolls of amnesia {unknown}
 L - 3 scrolls of noise {unknown}
Potions
 d - 5 potions of curing
 f - 3 potions of attraction
 g - 3 potions of magic
 r - 2 potions of mutation {!q}
 t - a potion of haste
 v - 4 potions of brilliance
 w - 3 potions of heal wounds
 x - a potion of resistance {unknown}
 z - 2 potions of might
 E - a potion of flight {unknown}
 I - 3 potions of cancellation
 O - a potion of ambrosia {unknown}
 P - a potion of invisibility {unknown}


   Skills:
 - Level 2.4 Fighting
 - Level 2.6 Staves
 - Level 3.9 Crossbows
 - Level 1.7 Dodging
 - Level 1.7 Stealth
 * Level 4.4 Spellcasting
 - Level 13.5 Conjurations
 - Level 3.7 Hexes
 - Level 6.2 Translocations
 + Level 4.0 Air Magic


You had 4 spell levels left.
You knew the following spells:

 Your Spells              Type           Power      Damage    Failure   Level
a - Magic Dart            Conj           100%       1d8       1%          1
b - Searing Ray           Conj           100%       3d7       1%          2
c - Iskenderun's Mystic   Conj/Tloc      52%        2d11      1%          4
d - Fulminant Prism       Conj/Hex       23%        3d13      1%          4
e - Mephitic Cloud        Conj/Pois/Air  33%        N/A       1%          3

Your spell library contained the following spells:

 Spells                   Type           Power      Damage    Failure   Level
 Conjure Flame            Conj/Fire      37%        6-21      1%          3
 Dazzling Flash           Conj/Hex       94%        N/A       1%          3
 Poisonous Vapours        Pois/Air       30%        N/A       2%          2
 Hailstorm                Conj/Ice       37%        3d9       2%          4
 Freeze                   Ice            20%        1d4       4%          1
 Frozen Ramparts          Ice            10%        1d3       12%         3
 Ozocubu's Armour         Ice            5%         N/A       12%         3
 Freezing Cloud           Conj/Ice/Air   16%        6-21      10%         5
 Metabolic Englaciation   Hex/Ice        7%         N/A       41%         5


Dungeon Overview and Level Annotations

Branches:
Dungeon (10/15)            Temple (0/1) D:5            Lair (1/6) D:9
    Orc (0/2) D:10        Ossuary (visited)         Gauntlet (1/1)

Shops:
D:5 *(

Annotations:
Gauntlet 6 transporters, 21 runed translucent doors


Innate Abilities, Weirdness & Mutations

Your attributes grow dramatically as you level up.
You have an increased reservoir of magic. (+10% MP)
You shall have no god before yourself.


Message History

The floor.
You enter the transporter and appear at another place.
Found a manual of Maces & Flails.
Found a transporter.
Found a gate leading back out of this place.
There is a transporter landing site here.
The small abomination closely misses you.
Casting: Searing Ray (safe; 1% risk of failure)
Confirm with . or Enter, or press ? or * to list all spells.
You erupt in a blast of force!
The mystic blast hits the small abomination!
The small abomination is heavily damaged.
The small abomination is knocked back by the mystic blast.
Found 21 bolts and a faintly humming cloak.
Found a transporter.
Casting: Iskenderun's Mystic Blast (mildly dangerous; 1% risk of failure)
Confirm with . or Enter, or press ? or * to list all spells.
You erupt in a blast of force!
The mystic blast hits the small abomination but does no damage.
The small abomination is heavily damaged.
The small abomination hits you!
Casting: Iskenderun's Mystic Blast (mildly dangerous; 1% risk of failure)
Confirm with . or Enter, or press ? or * to list all spells.
You erupt in a blast of force!
The mystic blast hits the wretched star.
The wretched star is lightly damaged.
The wretched star is knocked back by the mystic blast.
The mystic blast hits the small abomination.
The small abomination is heavily damaged.
The small abomination is knocked back by the mystic blast.
Found a scroll of teleportation.
You completely miss the small abomination.
The small abomination is heavily damaged.
The small abomination hits you!!
* * * LOW HITPOINT WARNING * * *
The wretched star glows turbulently.
The lance of force hits you!!
* * * LOW HITPOINT WARNING * * *
You are knocked back by the lance of force.
You slam into the translucent stone wall!
You die...

#8#..####### ###..
###..#...#.....#...#?.
#....#..#..##..#...#..
###....#..##..#.:#...#..
#8#..###..#..##..#...#..
#..#©#..##©.#.©#...#©.
#..#.#..#..##.[#...#[#
###..#.#..##..#.x#...##.
#8#..#.#..#..##.@#...#..
###..#.#...#..*..#...#(.
.....#.###########...###
.....#.#...........§....
######.#######....≈8≈...
©...........©#.....≈....
##################...###
©.#..#§#.yyyy.yyy#...#..
.#..##§#.........#...#.


You could see a wretched star, a queen bee, a small abomination and 6 killer
bees.

Vanquished Creatures
  Erica (D:8)
  A centaur warrior (D:10)
  2 two-headed ogres
  3 death yaks
  Urug (D:10)
  Pikel (D:8)
  A black mamba (Lair:1)
  An unseen horror (D:10)
  A troll (D:10)
  An ice devil (Gauntlet)
  Grinder (D:5)
  Prince Ribbit (D:7)
  A centaur simulacrum (D:10)
  A ynoxinul (Gauntlet)
  Sigmund (D:3)
  3 yaks (D:9)
  A wraith (D:9)
  A wyvern (D:8)
  A basilisk (D:7)
  A steam dragon (D:9)
  3 vampire mosquitoes (D:10)
  Menkaure (D:6)
  2 water moccasins
  7 orc warriors
  2 sky beasts
  A black bear (D:5)
  2 ice beasts
  A necrophage (D:5)
  3 wolves (Lair:1)
  4 ogres
  3 centaurs (D:8)
  A bullfrog (Lair:1)
  Blork the orc (D:5)
  3 gnoll sergeants
  15 scorpions
  A water moccasin zombie (D:6)
  3 wights (D:6)
  2 howler monkeys
  2 jellies
  A bullfrog zombie (D:5)
  2 hounds (D:6)
  A human zombie (Ossuary)
  4 orc priests
  Crazy Yiuf (D:5)
  2 centaur skeletons
  3 centaur zombies (Ossuary)
  A gnoll shaman (D:8)
  4 iron imps (Gauntlet)
  3 scorpion zombies (Ossuary)
  Jessica (D:3)
  5 iguanas
  6 orc wizards
  A hell rat (D:9)
  Terence (D:2)
  A killer bee zombie (D:7)
  A hound zombie (D:5)
  A hound skeleton (D:5)
  A howler monkey zombie (D:7)
  4 mummies
  21 gnolls
  9 adders
  5 white imps
  A worm (D:2)
  28 orcs
  4 bats
  3 endoplasms
  2 giant cockroaches
  A gnoll zombie (Ossuary)
  6 goblins
  2 hobgoblins
  2 jackals
  5 quokkas
  5 ball pythons
  2 frilled lizards (D:1)
  5 goblin zombies (Ossuary)
  3 hobgoblin zombies (Ossuary)
  8 kobolds
  3 kobold zombies (Ossuary)
  An orc zombie (Ossuary)
  6 rats
  A spectral orc (D:8)
249 creatures vanquished.

Vanquished Creatures (others)
  A scorpion (Ossuary)
  A scorpion zombie (Ossuary)
  13 demonic plants (Gauntlet)
  16 fulminant prisms
  10 plants
41 creatures vanquished.

Grand Total: 290 creatures vanquished

Notes
Turn   | Place    | Note
-------+----------+-------------------------------------------
     0 | D:1      | Grim the Demigod Conjurer began the quest for the Orb.
     0 | D:1      | Reached XP level 1. HP: 14/14 MP: 5/5
   335 | D:1      | Reached skill level 4 in Conjurations
   398 | D:1      | Reached XP level 2. HP: 20/20 MP: 0/7
  1289 | D:1      | Learned a level 2 spell: Searing Ray
  1790 | D:2      | Reached XP level 3. HP: 16/26 MP: 3/8
  2280 | D:2      | Reached skill level 5 in Conjurations
  2569 | D:3      | Noticed Jessica
  2573 | D:3      | Killed Jessica
  2574 | D:3      | Reached XP level 4. HP: 33/33 MP: 4/9
  2626 | D:3      | Noticed Terence
  2632 | D:3      | Noticed Sigmund
  2655 | D:2      | Killed Terence
  3264 | D:3      | Noticed an ogre
  3272 | D:3      | Killed an ogre
  3273 | D:3      | Reached skill level 6 in Conjurations
  3273 | D:3      | Reached XP level 5. HP: 38/38 MP: 2/10
  3361 | D:3      | You fall into a shaft and drop 1 floor!
  3967 | D:3      | Killed Sigmund
  3968 | D:3      | Reached skill level 7 in Conjurations
  3968 | D:3      | Reached XP level 6. HP: 16/45 MP: 1/11
  5328 | D:5      | Entered Level 5 of the Dungeon
  5336 | D:5      | Reached skill level 1 in Crossbows
  5336 | D:5      | Reached skill level 8 in Conjurations
  5336 | D:5      | Reached XP level 7. HP: 50/50 MP: 9/12
  5421 | D:5      | Found a sand-covered staircase.
  5437 | Ossuary  | Entered an ossuary
  6217 | Ossuary  | Reached skill level 9 in Conjurations
  6788 | Ossuary  | Reached XP level 8. HP: 57/57 MP: 7/13
  7623 | D:5      | Noticed Grinder
  7641 | D:5      | Killed Grinder
  7642 | D:5      | Reached skill level 10 in Conjurations
  7710 | D:5      | Learned a level 4 spell: Iskenderun's Mystic Blast
  7775 | D:5      | Found Isaor's Mass Market.
  7867 | D:5      | Reached skill level 1 in Translocations
  7983 | D:5      | Found a staircase to the Ecumenical Temple.
  8127 | D:5      | Noticed Blork the orc
  8129 | D:5      | Found Jeopn's Antique Weapon Emporium.
  8163 | D:4      | Reached XP level 9. HP: 24/62 MP: 2/14
  8421 | D:5      | Killed Blork the orc
  8609 | D:5      | Found a runed translucent door.
  8610 | D:5      | Noticed Crazy Yiuf
  8862 | D:5      | Killed Crazy Yiuf
  8863 | D:5      | Reached skill level 11 in Conjurations
  9087 | D:5      | Learned a level 4 spell: Fulminant Prism
  9919 | D:6      | Noticed Menkaure
  9921 | D:6      | Killed Menkaure
 11040 | D:7      | Reached skill level 1 in Hexes
 11098 | D:7      | Noticed Prince Ribbit
 11110 | D:7      | Killed Prince Ribbit
 11111 | D:7      | Reached skill level 5 in Translocations
 12412 | D:8      | Reached XP level 10. HP: 69/69 MP: 10/15
 12543 | D:8      | Noticed Erica
 12549 | D:8      | Killed Erica
 13167 | D:8      | Identified the +1 ring mail of Bad Feelings {Int+3 Dex+6
                  | Slay-3}
 13312 | D:8      | Reached skill level 1 in Staves
 13506 | D:8      | Noticed Pikel
 13518 | D:8      | Killed Pikel
 13519 | D:8      | Reached skill level 12 in Conjurations
 14486 | D:9      | Noticed a death yak
 14597 | D:9      | Noticed a death yak
 14598 | D:9      | Noticed a death yak
 14606 | D:9      | Found a staircase to the Lair.
 14916 | D:9      | Noticed a two-headed ogre
 15141 | D:9      | Killed a death yak
 15424 | D:8      | Learned a level 3 spell: Mephitic Cloud
 15510 | D:9      | Noticed a cyclops
 15932 | D:8      | Killed a death yak
 15933 | D:8      | Reached skill level 1 in Fighting
 16592 | D:8      | Killed a death yak
 16883 | D:9      | Killed a two-headed ogre
 16884 | D:9      | Reached XP level 11. HP: 40/80 MP: 9/19
 17096 | D:9      | HP: 2/80 [cyclops/large rock (33)]
 17566 | D:10     | Entered Level 10 of the Dungeon
 17710 | D:10     | Found a staircase to the Orcish Mines.
 17833 | D:10     | Reached skill level 1 in Air Magic
 18395 | D:10     | Reached skill level 13 in Conjurations
 18932 | D:10     | Noticed Urug
 18948 | D:10     | Killed Urug
 19427 | D:10     | Noticed a two-headed ogre
 19438 | D:10     | Killed a two-headed ogre
 19587 | D:10     | Noticed a centaur warrior
 19596 | D:10     | Killed a centaur warrior
 19722 | D:10     | Noticed a fire dragon
 19931 | Lair:1   | Entered Level 1 of the Lair of Beasts
 20196 | Lair:1   | Found a gate leading to a gauntlet.
 20242 | Gauntlet | Entered a Gauntlet
 20242 | Gauntlet | Found a transporter.
 20242 | Gauntlet | Found a transporter.
 20251 | Gauntlet | Found a transporter.
 20251 | Gauntlet | Found a transporter.
 20264 | Gauntlet | Found a transporter.
 20358 | Gauntlet | Found a transporter.
 20360 | Gauntlet | Found a large runed translucent door.
 20361 | Gauntlet | Found a large runed translucent door.
 20362 | Gauntlet | Found a large runed translucent door.
 20362 | Gauntlet | Found a large runed translucent door.
 20362 | Gauntlet | Found a runed translucent door.
 20362 | Gauntlet | Found a runed translucent door.
 20363 | Gauntlet | Found a large runed translucent door.
 20364 | Gauntlet | Found a large runed translucent door.
 20365 | Gauntlet | Found a large runed translucent door.
 20365 | Gauntlet | Found a large runed translucent door.
 20366 | Gauntlet | Found a large runed translucent door.
 20366 | Gauntlet | Found a large runed translucent door.
 20366 | Gauntlet | Found a large runed translucent door.
 20366 | Gauntlet | Found a large runed translucent door.
 20367 | Gauntlet | Found a large runed translucent door.
 20367 | Gauntlet | Found a large runed translucent door.
 20368 | Gauntlet | Found a large runed translucent door.
 20368 | Gauntlet | Found a large runed translucent door.
 20382 | Gauntlet | Found a transporter.
 20488 | Gauntlet | Found a runed translucent gate.
 20499 | Gauntlet | Found a transporter.
 20499 | Gauntlet | Found a runed translucent gate.
 20500 | Gauntlet | Found a runed translucent gate.
 20502 | Gauntlet | Noticed a wretched star
 20511 | Gauntlet | Found a transporter.
 20519 | Gauntlet | Found a transporter.
 20528 | Gauntlet | Found a transporter.
 20532 | Gauntlet | Collided with a translucent stone wall

Illustrated notes

Levels and vault maps discovered:
D:1:      sevenhm_arrival_forest_fort_small_4, layout_basic,
          serial_bayou_pond_a, corexii_corridor_pit
D:2:      cheibrodos_old_hovel, layout_loops_cross, serial_bayou_ford_a
D:3:      layout_rooms, shapermc_ecumenical_altar_flowoftime, uniq_terence,
          uniq_sigmund, uniq_jessica
D:4:      layout_rooms, chequers_mini_garden, minmay_misc_feat_diagonals,
          nicolae_zen_rock_garden
D:5:      layout_cave_pools, kennysheep_little_box,
          minmay_temple_entry_purple_smoke, gup_ossuary_entry_pyramid,
          serial_shops, nicolae_shop_statue_plus, minmay_shop_mass,
          minmay_misc_feat_five, guppyfry_early_orc_mine, uniq_blork_the_orc,
          uniq_crazy_yiuf_cottage, uniq_grinder
D:6:      layout_basic, uniq_menkaure
D:7:      layout_rooms, gammafunk_temple_overflow_claw, solitary_fountain,
          uniq_prince_ribbit1
D:8:      layout_basic, nicolae_qazlal_eye_of_the_storm,
          nicolae_sif_muna_little_library, nemelex_xobeh_ov_fountains_minmay,
          nicolae_hepliaklqana_monster_ancestors, uniq_pikel, uniq_erica
D:9:      layout_loops_ring, dpeg_lair_monsters, solitary_fountain
D:10:     minmay_the_grid_triangle_9x9_rhombus_thin_mashed
          [minmay_the_grid_triangle_9x9_odd_lines,
          minmay_the_grid_triangle_9x9_prize_special,
          minmay_the_grid_triangle_9x9_flanged_cone,
          minmay_the_grid_triangle_9x9_subtriangle], layout_cave_pods,
          hangedman_ru_absence, david_orc_2, uniq_urug
Lair:1:   layout_loops_ring, gauntlet_entry_generic,
          nicolae_volcano_entry_batcave, amcnicky_mini_pool_medium,
          serial_bayou_shore_a
Gauntlet: gammafunk_gauntlet_branching [nicolae_gauntlet_arena_blocks,
          nicolae_gauntlet_arena_t_cross, gammafunk_gauntlet_arena_arrow_garden,
          minmay_gauntlet_arena_make_your_own_arena,
          gammafunk_gauntlet_arena_spirals, gammafunk_gauntlet_arena_open,
          gammafunk_gauntlet_arena_teeth, nicolae_gauntlet_swirl,
          nicolae_gauntlet_exit_dead_adventurers]

Skill      XL: |  1  2  3  4  5  6  7  8  9 10 11 |
---------------+----------------------------------+-----
Conjurations   | 4 5 6 7 8 9 10 11 12 13 | 13.5
Crossbows      | 1 3 |  3.9
Translocations | 2 5 6 |  6.2
Hexes          | 2 3 |  3.7
Staves         | 2 |  2.6
Spellcasting   | 3 4 |  4.4
Fighting       | 2 |  2.4
Air Magic      | 4 |  4.0
Dodging        | |  1.7
Stealth        | |  1.7

Action                   |  1- 3 |  4- 6 |  7- 9 | 10-12 || total
-------------------------+-------+-------+-------+-------++-------
Melee: Unarmed           |     5 |       |       |       ||     5
       Short sword       |       |       |    16 |       ||    16
       Quarterstaff      |       |       |    10 |    25 ||    35
Throw: Dart              |     1 |    37 |    12 |    11 ||    61
 Cast: Magic Dart        |    75 |    35 |   225 |   138 ||   473
       Searing Ray       |     2 |    12 |    44 |    42 ||   100
       Fulminant Prism   |       |       |     7 |    10 ||    17
       Iskenderun's Myst |       |       |     6 |    52 ||    58
       Mephitic Cloud    |       |       |       |    19 ||    19
  Use: Potion            |       |     1 |       |     3 ||     4
       Scroll            |       |       |       |    11 ||    11
Armor: Robe              |     2 |     3 |    40 |    20 ||    65
Dodge: Dodged            |    11 |    15 |    67 |    53 ||   146
Block: Other             |       |       |     2 |    18 ||    20
       Reflection        |       |       |     2 |       ||     2

Table legend: (Time is in decaauts)
 A = Elapsed time spent in this place.
 B = Non-inter-level travel time spent in this place.
 C = Inter-level travel time spent in this place.
 D = Time resting spent in this place.
 E = Time spent auto-exploring this place.
 F = Levels seen in this place.
 G = Mean time per level.
                   A        B        C        D        E       F      G
               +--------+--------+--------+--------+--------+-----+--------+
         Total |  20560 |  19768 |    792 |  10798 |   6347 |  13 | 1581.5 |
       Dungeon |  18061 |  17269 |    792 |   9047 |   6096 |  10 | 1806.1 |
          Lair |    310 |    310 |      0 |    245 |     19 |   1 |  310.0 |
       Ossuary |   1897 |   1897 |      0 |   1345 |    224 |   1 | 1897.0 |
      Gauntlet |    290 |    290 |      0 |    161 |      8 |   1 |  290.0 |
               +--------+--------+--------+--------+--------+-----+--------+

Top non-repeatable levels by time:
     D:8: 3632 daAuts
     D:9: 2280 daAuts
 Ossuary: 1897 daAuts
     D:5: 1795 daAuts
    D:10: 1788 daAuts
     D:7: 1758 daAuts
     D:2: 1616 daAuts
     D:1: 1483 daAuts
     D:4: 1374 daAuts
     D:6: 1192 daAuts
     D:3: 1140 daAuts
  Lair:1: 310 daAuts
Gauntlet: 290 daAuts
